Map: Whitewater Line LE

Players

Alebay

  • Race: Protoss Protoss
  • Spawn Location: 7:00

PiPuxD

  • Race: Terran Terran
  • League: Gold
  • Spawn Location: 7:00

MattBarry

  • Race: Zerg Zerg
  • League: Gold
  • Spawn Location: 6:00

StarGoose - Winner!

  • Race: Protoss Protoss
  • League: Silver
  • Spawn Location: 12:00

DreamBible - Winner!

  • Race: Protoss Protoss
  • Spawn Location: 1:00

BoyBawang - Winner!

  • Race: Zerg Zerg
  • Spawn Location: 1:00

VOD

Have the link to the VOD?

Description

Time

  • Played on: Feb. 13, 2023, 2:20 a.m.
  • Length: 17:09
Show
View Real Time Build Order
Export as new Build Order

Alebay Protoss 

Build Orders: 1 Gate Expand, Double Forge 

Get SALT Encoding   

  12  0:00  Probe  
  13  0:12  Probe  
  14  0:17  Pylon  
  14  0:24  Probe  
  15  0:36  Probe  
  15  0:37  Gateway  
  16  0:48  Assimilator, Probe  
  17  1:01  Probe  
  18  1:13  Probe  
  19  1:25  Probe  
  20  1:31  Nexus  
  20  1:36  Cybernetics Core  
  20  1:38  Probe  
  21  1:47  Pylon  
  21  1:50  Probe  
  22  1:57  Assimilator  
  22  2:02  Probe  
  22  2:06  Warp Gate (Chrono Boost)  
  23  2:12  Adept  
  23  2:14  Probe  
  26  2:23  Pylon  
  26  2:27  Probe  
  27  2:36  Gateway  
  27  2:39  Probe  
  27  2:43  Probe  
  29  2:46  Stalker  
  31  2:55  Probe  
  31  2:56  Probe  
  33  3:02  Pylon  
  33  3:07  Probe  
  33  3:08  Probe  
  35  3:24  Probe x2  
  37  3:36  Probe x2  
  37  3:41  Stalker x2  
  43  3:53  Twilight Council  
  43  3:55  Probe x2  
  43  4:00  Gateway x2  
  45  4:07  Probe  
  45  4:08  Probe  
  45  4:09  Assimilator  
  47  4:12  Zealot x2  
  51  4:23  Forge  
  51  4:24  Forge  
  51  4:37  Stalker x2  
  51  4:50  Probe x2  
  53  4:55  Assimilator  
  53  5:02  Probe x2  
  53  5:05  Stalker x3  
  61  5:11  Pylon  
  61  5:16  Pylon, Protoss Ground Armor Level 1 (Chrono Boost), Protoss Ground Weapons Level 1 (Chrono Boost)  
  61  5:19  Blink (Chrono Boost)  
  61  5:20  Pylon  
  61  5:22  Pylon  
  61  5:23  Probe  
  62  5:29  Probe  
  63  5:36  Robotics Facility  
  63  5:37  Gateway  
  63  5:39  Stalker  
  63  5:40  Stalker  
  67  5:56  Pylon  
  67  5:58  Photon Cannon  
  67  6:00  Photon Cannon  
  67  6:03  Shield Battery  
  67  6:08  Shield Battery  
  67  6:09  Photon Cannon  
  67  6:11  Stalker x2  
  71  6:23  Observer  
  72  6:28  Stalker x2  
  76  6:37  Gateway  
  76  6:40  Gateway  
  76  6:42  Stalker x3  
  82  6:58  Stalker x2  
  86  7:02  Protoss Ground Weapons Level 2 (Chrono Boost)  
  86  7:04  Charge  
  86  7:13  Protoss Ground Armor Level 2 (Chrono Boost)  
  86  7:30  Stalker x2  
  86  7:31  Stalker x2  
  94  7:55  Stalker x2  
  94  7:56  Stalker  
  100  8:06  Nexus  
  100  8:08  Pylon  
  100  8:11  Pylon  
  100  8:27  Pylon  
  100  8:29  Pylon  
  100  8:31  Photon Cannon x2, Pylon  
  100  8:33  Photon Cannon  
  100  8:34  Shield Battery  
  100  8:35  Shield Battery  
  94  9:08  Stalker x5  
  94  9:09  Stalker x2  
  102  9:10  Protoss Ground Weapons Level 3 (Chrono Boost)  
  102  9:15  Protoss Ground Armor Level 3 (Chrono Boost)  
  102  9:20  Probe  
  102  9:23  Probe  
  104  9:24  Probe  
  93  9:52  Stalker  
  93  9:53  Stalker x4  
  103  10:06  Probe x3  
  105  10:18  Probe x3  
  108  10:26  Stalker x4  
  108  10:27  Stalker x2  
  110  10:50  Observer  
  111  11:01  Probe x3  
  114  11:06  Assimilator  
  114  11:07  Assimilator  
  114  11:10  Pylon  
  114  11:11  Stalker x5  
  114  11:12  Pylon, Stalker x2  
  128  11:45  Protoss Shields Level 1 (Chrono Boost)  
  128  11:49  Stalker x4  
  128  11:50  Stalker x3  
  142  11:55  Probe x3  
  145  12:12  Gateway  
  145  12:14  Gateway x2  
  145  12:17  Gateway  
  145  12:19  Gateway  
  145  12:21  Gateway  
  145  12:26  Photon Cannon  
  145  12:27  Photon Cannon  
  145  12:29  Photon Cannon, Stalker  
  147  12:30  Stalker x3  
  153  13:01  Stalker  
  153  13:02  Stalker x6  
  167  13:12  Nexus  
  167  13:13  Pylon  
  167  13:15  Pylon  
  167  13:21  Stalker x3  
  173  13:32  Pylon  
  173  13:33  Pylon  
  172  13:34  Pylon  
  60  13:53  Stalker x3  
  60  13:54  Stalker x4  
  60  13:55  Stalker x6  
  50  14:34  Stalker x2  
  50  14:35  Stalker x3  
  50  14:36  Stalker  
  60  15:00  Probe  
  60  15:01  Probe x2  
  63  15:13  Probe x3  
  66  15:23  Robotics Facility  
  66  15:24  Robotics Facility  
  66  15:28  Robotics Bay  
  66  15:31  Stalker  
  66  15:32  Stalker x6  
  62  16:04  Stalker x2  
  62  16:05  Stalker x3  
  69  16:20  Stalker  
Show
View Real Time Build Order
Export as new Build Order

PiPuxD Terran 

Build Orders: Mech, Banshee Rush 

Get SALT Encoding   

  12  0:00  SCV  
  13  0:12  SCV  
  14  0:17  Supply Depot  
  14  0:24  SCV  
  15  0:39  SCV  
  15  0:41  Barracks  
  16  0:45  Refinery  
  16  0:51  SCV  
  17  1:03  SCV  
  18  1:15  SCV  
  19  1:22  Refinery  
  19  1:27  Orbital Command  
  19  1:31  Reaper  
  20  1:34  Supply Depot  
  20  1:55  SCV  
  21  2:01  Factory  
  21  2:07  SCV  
  22  2:11  Supply Depot  
  22  2:12  Marine  
  23  2:19  SCV  
  24  2:31  SCV  
  25  2:43  SCV  
  26  2:47  Marine  
  26  2:49  Starport, Factory Tech Lab  
  27  2:55  SCV  
  28  3:00  Supply Depot  
  28  3:11  SCV  
  29  3:23  SCV  
  29  3:25  Factory Tech Lab  
  30  3:31  Command Center  
  29  3:39  Banshee, Cloaking Field  
  32  3:44  Cyclone  
  32  3:46  SCV  
  32  3:47  Marine  
  37  3:58  Supply Depot  
  37  4:22  Banshee  
  40  4:25  Marine  
  39  4:41  Cyclone  
  39  4:44  SCV  
  43  4:55  Orbital Command  
  43  4:58  SCV  
  44  5:23  SCV  
  44  5:24  SCV  
  43  5:31  Medivac  
  45  5:44  SCV  
  45  5:45  SCV  
  45  5:48  Refinery  
  47  5:50  Refinery  
  47  5:56  Starport, SCV  
  46  5:57  SCV  
  45  6:08  SCV  
  42  6:24  Starport  
  42  6:26  Factory  
  42  6:32  Factory  
  42  6:33  Factory  
  42  6:45  Starport Tech Lab  
  42  6:46  Factory Tech Lab  
  42  6:56  SCV x2  
  42  7:00  Armory  
  44  7:06  Starport Reactor  
  44  7:08  SCV x2  
  44  7:10  Factory Tech Lab  
  46  7:17  Armory  
  46  7:19  Factory Tech Lab x2  
  46  7:20  SCV x2  
  48  7:37  SCV x2  
  50  7:48  Siege Tank  
  50  7:49  SCV, Siege Tank x3  
  50  7:50  SCV, Command Center  
  64  7:54  Infernal Pre-Igniter  
  64  8:03  Supply Depot x2  
  64  8:04  Supply Depot  
  64  8:09  Engineering Bay  
  64  8:10  SCV x2  
  64  8:11  Terran Vehicle Weapons Level 1  
  66  8:12  Terran Vehicle And Ship Armor Level 1  
  66  8:21  Hellion x2  
  66  8:25  Hellion x2  
  74  8:39  SCV  
  74  8:40  SCV  
  76  8:42  Hellion x2  
  76  8:46  Hellion x2  
  84  8:52  SCV x2  
  86  9:02  Orbital Command  
  86  9:03  Thor x2  
  86  9:04  SCV x2  
  100  9:23  Viking x3  
  94  9:40  Thor  
  100  9:53  Refinery  
  100  9:55  Refinery  
  100  9:57  Command Center  
  100  10:01  Hellion  
  95  10:10  Terran Vehicle Weapons Level 2  
  95  10:11  Terran Vehicle And Ship Armor Level 2  
  91  10:19  Thor  
  86  10:41  Thor  
  92  10:44  SCV x3  
  95  10:56  SCV x3  
  98  11:18  Thor x2  
  98  11:22  Supply Depot  
  110  11:26  Supply Depot  
  110  11:27  Supply Depot  
  110  11:28  Supply Depot  
  110  11:29  Orbital Command  
  110  11:37  Viking x2  
  114  11:58  Refinery  
  114  12:00  SCV x3, Refinery  
  114  12:01  SCV  
  118  12:04  Thor x3  
  136  12:17  Factory  
  136  12:18  Factory, SCV x4  
  140  12:37  SCV x2  
  140  12:38  SCV x2  
  140  12:43  Terran Vehicle Weapons Level 3  
  144  12:44  Terran Vehicle And Ship Armor Level 3  
  144  12:53  Thor  
  144  12:56  Supply Depot x2  
  150  13:00  Thor  
  150  13:01  Thor  
  162  13:09  Factory Tech Lab x2  
  162  13:11  Command Center  
  162  13:29  Thor x2  
  174  13:35  Supply Depot  
  174  13:36  Supply Depot  
  174  13:37  Supply Depot  
  132  14:16  Thor x3  
  132  14:17  Thor  
  117  14:26  Thor  
  64  15:21  Liberator x2  
  61  15:23  Siege Tank x2  
  61  15:24  Siege Tank  
  74  15:37  Command Center  
  74  15:39  Command Center  
  67  15:59  Siege Tank x3  
  76  16:29  Command Center  
Show
View Real Time Build Order
Export as new Build Order

MattBarry Zerg 

Build Orders: Pool First 

Get SALT Encoding   

  12  0:00  Drone  
  13  0:10  Drone  
  14  0:22  Drone, Extractor  
  15  0:33  Spawning Pool  
  14  0:38  Drone, Extractor  
  14  1:24  Overlord  
  14  1:30  Extractor  
  14  1:32  Zergling x4, Evolution Chamber  
  14  1:37  Zergling x2, Evolution Chamber  
  17  1:47  Zergling x2, Queen  
  19  1:57  Zergling x2  
  20  2:04  Metabolic Boost  
  20  2:08  Zergling x2  
  21  2:23  Hatchery  
  21  2:25  Zergling x2  
  21  2:56  Zergling x2  
  21  2:58  Overlord x2  
  16  3:23  Drone  
  16  3:24  Drone x2  
  19  3:35  Queen  
  21  3:43  Drone  
  21  3:47  Zergling x2  
  23  3:55  Zergling x4  
  25  4:02  Zergling x2  
  26  4:04  Zergling x2  
  23  4:14  Overlord  
  23  4:20  Queen  
  22  4:38  Zergling x4  
  15  5:03  Drone  
  15  5:04  Drone x5  
  21  5:35  Drone x5  
  27  5:42  Drone  
  27  5:43  Drone x4  
  31  5:52  Drone  
  31  5:53  Drone  
  31  5:56  Drone x2  
  35  6:04  Drone  
  35  6:09  Drone x3  
  35  6:10  Drone  
  40  6:23  Drone x2  
  42  6:43  Zergling x2  
  42  6:44  Zergling x2  
  42  6:45  Zerg Melee Weapons Level 1, Overlord  
  42  6:46  Overlord  
  44  6:53  Extractor  
  43  6:54  Drone  
  43  6:56  Overlord  
  43  6:57  Overlord  
  43  6:59  Extractor  
  43  7:00  Extractor  
  42  7:01  Spore Crawler  
  42  7:02  Spore Crawler  
  42  7:04  Spore Crawler x2  
  38  7:09  Hatchery  
  38  7:13  Queen  
  39  7:18  Zergling x2, Drone  
  39  7:19  Zergling x4  
  43  7:24  Drone  
  43  7:25  Drone x2  
  46  8:01  Roach Warren  
  45  8:06  Drone x2  
  45  8:07  Drone x3  
  45  8:08  Drone  
  51  8:22  Queen  
  51  8:24  Drone  
  50  8:48  Roach  
  50  8:50  Roach x7  
  50  8:51  Roach x7  
  80  8:56  Lair  
  80  8:58  Zerg Missile Weapons Level 1  
  80  9:07  Drone  
  80  9:08  Evolution Chamber  
  80  9:09  Drone x2  
  82  9:14  Overlord  
  82  9:15  Overlord x2  
  82  9:39  Drone  
  82  9:40  Drone x2  
  85  9:46  Drone x4  
  85  9:47  Drone  
  85  9:49  Drone x4  
  85  9:50  Drone x2  
  96  10:01  Zergling x2  
  96  10:02  Zergling x14  
  104  10:13  Overseer x2  
  104  10:25  Spire, Overlord  
  104  10:27  Overlord  
  103  10:34  Drone x2  
  103  10:35  Drone  
  106  10:49  Glial Reconstitution  
  104  11:12  Hydralisk Den  
  103  11:24  Overlord  
  101  11:26  Queen  
  101  11:29  Drone x3  
  106  11:37  Corruptor  
  106  11:38  Corruptor x7  
  122  11:40  Overlord  
  122  11:42  Overlord  
  122  11:44  Zerg Flyer Armor Level 1  
  122  11:54  Zerg Ground Armor Level 1  
  122  12:22  Hatchery  
  117  12:34  Lurker Den  
  117  12:35  Infestation Pit, Drone  
  117  12:36  Drone x2  
  118  12:39  Extractor  
  118  12:41  Extractor  
  116  13:07  Muscular Augments  
  116  13:13  Hatchery  
  116  13:19  Hive  
  115  13:20  Hydralisk x6  
  115  13:21  Hydralisk x2  
  115  13:22  Corruptor x2  
  135  13:53  Corruptor x4  
  120  14:15  Hydralisk x5  
  97  14:19  Drone x3  
  97  14:20  Drone x2  
  100  14:36  Corruptor  
  100  14:37  Corruptor  
  95  14:41  Hydralisk  
  95  14:42  Hydralisk x2  
  88  15:09  Hydralisk  
  88  15:10  Hydralisk x6  
  88  15:12  Zergling x2  
  88  15:13  Zergling x46  
  89  15:52  Corruptor x3  
  89  15:54  Zergling x10  
  89  15:55  Zergling x4  
  52  16:22  Queen x2  
  52  16:25  Drone x3  
  55  16:26  Drone x2  
Show
View Real Time Build Order
Export as new Build Order

StarGoose Protoss - Winner!

Build Orders: 1 Gate Expand 

Get SALT Encoding   

  12  0:00  Probe  
  13  0:13  Probe  
  14  0:19  Pylon  
  14  0:25  Probe  
  15  0:37  Probe (Chrono Boost)  
  15  0:38  Gateway  
  16  0:48  Probe (Chrono Boost)  
  17  0:50  Assimilator  
  17  0:52  Probe (Chrono Boost)  
  18  1:10  Probe  
  19  1:22  Probe  
  20  1:28  Cybernetics Core  
  20  1:34  Probe  
  21  1:43  Nexus  
  21  1:49  Pylon  
  21  1:52  Probe  
  22  2:03  Warp Gate (Chrono Boost)  
  22  2:07  Stalker (Chrono Boost), Probe  
  25  2:20  Probe  
  26  2:32  Probe  
  27  3:01  Stalker  
  29  3:05  Pylon  
  29  3:11  Gateway  
  27  3:14  Gateway  
  27  3:16  Gateway  
  27  3:18  Pylon  
  27  3:28  Robotics Facility  
  27  3:30  Probe x2  
  29  3:41  Pylon, Stalker  
  29  3:42  Probe  
  29  3:43  Probe  
  33  3:48  Assimilator  
  33  3:54  Probe  
  33  3:55  Probe  
  34  4:15  Stalker x3  
  39  4:18  Probe x2  
  41  4:30  Observer (Chrono Boost)  
  39  4:49  Forge  
  40  4:53  Observer  
  40  4:54  Pylon  
  40  4:59  Pylon  
  40  5:00  Probe x2  
  38  5:27  Photon Cannon  
  38  5:30  Stalker  
  38  5:35  Probe x2  
  41  5:43  Photon Cannon  
  41  5:46  Shield Battery  
  39  6:16  Stalker x3  
  39  6:17  Stalker  
  47  6:38  Probe x2  
  49  6:40  Assimilator  
  49  6:44  Assimilator  
  49  6:50  Probe x2  
  49  6:51  Shield Battery  
  51  7:02  Probe  
  51  7:03  Probe  
  51  7:06  Nexus  
  53  7:08  Stalker  
  53  7:09  Photon Cannon  
  53  7:12  Pylon  
  53  7:14  Probe  
  53  7:15  Pylon, Probe  
  57  7:26  Probe  
  57  7:27  Probe  
  59  7:32  Observer  
  59  7:35  Protoss Ground Weapons Level 1 (Chrono Boost)  
  60  7:38  Stalker x4  
  68  7:51  Probe x2  
  68  7:53  Observer  
  68  7:56  Twilight Council  
  71  7:59  Forge  
  71  8:04  Probe (Chrono Boost)  
  71  8:05  Probe (Chrono Boost)  
  73  8:15  Probe (Chrono Boost)  
  73  8:16  Probe (Chrono Boost)  
  75  8:20  Pylon  
  75  8:21  Stalker x2  
  79  8:49  Stalker x4  
  81  9:18  Stalker x4  
  81  9:20  Probe  
  81  9:21  Probe  
  91  9:33  Probe  
Show
View Real Time Build Order
Export as new Build Order

DreamBible Protoss - Winner!

Build Orders: Carriers 

Get SALT Encoding   

  12  0:01  Probe  
  13  0:13  Probe  
  14  0:21  Pylon  
  14  0:25  Probe  
  15  0:39  Probe (Chrono Boost)  
  16  0:43  Gateway  
  16  0:48  Probe (Chrono Boost)  
  17  0:52  Assimilator  
  17  0:53  Probe (Chrono Boost)  
  18  1:05  Probe (Chrono Boost)  
  18  1:07  Assimilator  
  19  1:14  Probe (Chrono Boost)  
  20  1:19  Probe  
  21  1:31  Probe  
  21  1:32  Cybernetics Core  
  22  1:38  Pylon  
  22  1:43  Probe  
  23  1:56  Probe  
  24  2:08  Probe  
  24  2:10  Stargate  
  25  2:18  Nexus  
  25  2:26  Probe  
  26  2:31  Forge  
  26  2:38  Probe  
  27  2:50  Probe  
  28  3:02  Pylon, Probe  
  29  3:10  Photon Cannon  
  29  3:16  Probe  
  29  3:19  Shield Battery  
  30  3:26  Void Ray  
  34  3:29  Probe (Chrono Boost)  
  35  3:35  Pylon  
  35  3:39  Probe x2 (Chrono Boost)  
  37  3:47  Probe x2 (Chrono Boost)  
  39  3:51  Probe (Chrono Boost)  
  39  3:55  Probe  
  41  3:58  Photon Cannon  
  41  4:02  Shield Battery  
  41  4:03  Probe  
  41  4:07  Pylon, Probe  
  43  4:12  Assimilator  
  43  4:17  Assimilator  
  43  4:18  Probe (Chrono Boost)  
  45  4:25  Probe (Chrono Boost)  
  45  4:28  Probe (Chrono Boost)  
  46  4:33  Probe (Chrono Boost)  
  47  4:47  Probe x2  
  47  4:48  Fleet Beacon  
  49  4:54  Pylon  
  49  5:01  Stargate  
  49  5:04  Stargate  
  49  5:06  Stargate  
  49  5:11  Pylon  
  48  5:28  Photon Cannon  
  48  5:29  Shield Battery  
  48  5:32  Pylon  
  48  5:40  Carrier  
  54  5:51  Tempest, Flux Vanes  
  54  5:53  Tempest  
  54  5:54  Protoss Air Weapons Level 1 (Chrono Boost)  
  64  5:57  Pylon  
  64  5:58  Pylon  
  64  6:09  Tempest  
  69  6:20  Photon Cannon  
  69  6:21  Shield Battery  
  69  6:24  Pylon  
  69  6:25  Pylon  
  69  6:32  Probe  
  70  6:36  Tempest  
  75  6:54  Probe  
  76  6:55  Probe  
  77  7:04  Carrier  
  83  7:27  Nexus  
  83  7:36  Pylon  
  83  7:38  Protoss Air Weapons Level 2 (Chrono Boost)  
  83  7:41  Carrier  
  89  7:54  Pylon, Probe x2  
  89  7:57  Photon Cannon  
  91  7:58  Photon Cannon  
  91  8:02  Shield Battery  
  91  8:03  Shield Battery  
  91  8:07  Photon Cannon, Shield Battery  
  91  8:10  Pylon  
  91  8:18  Assimilator  
  91  8:24  Tempest  
  96  8:28  Unknown  
  96  8:39  Assimilator  
  96  8:46  Carrier  
  102  8:54  Carrier  
  108  9:11  Carrier  
  114  9:20  Probe x3  
  117  9:24  Tempest  
  122  9:32  Probe x2  
  124  9:50  Tempest  
  129  9:58  Tempest  
  134  10:07  Tempest  
  134  10:13  Protoss Shields Level 1 (Chrono Boost)  
  135  10:15  Tempest  
  140  10:29  Protoss Air Weapons Level 3 (Chrono Boost)  
  140  10:30  Pylon  
  140  10:33  Carrier  
  146  10:41  Carrier  
  152  10:43  Stargate  
  152  10:53  Stargate, Pylon  
  152  10:58  Stargate  
  152  10:59  Carrier  
  152  11:01  Tempest  
  163  11:09  Pylon  
  163  11:12  Pylon  
  163  11:15  Pylon  
  163  11:16  Stargate  
  163  11:29  Tempest  
  168  11:33  Pylon  
  168  11:42  Photon Cannon  
  168  11:43  Shield Battery  
  168  11:46  Pylon  
  168  11:47  Tempest x4  
  168  11:48  Nexus  
  188  12:02  Pylon  
  188  12:06  Pylon  
  188  12:11  Assimilator  
  188  12:15  Assimilator, Tempest x2  
  198  12:23  Photon Cannon  
  198  12:25  Photon Cannon  
  198  12:26  Photon Cannon  
  198  12:30  Photon Cannon  
  198  12:31  Shield Battery  
  198  12:34  Shield Battery  
  198  12:36  Pylon  
  198  12:39  Shield Battery  
  198  12:41  Shield Battery  
  198  12:59  Protoss Air Armor Level 1 (Chrono Boost)  
  198  13:04  Twilight Council  
  198  13:48  Carrier  
  192  14:08  Tempest x5  
  187  14:12  Tempest x2  
  175  14:40  Protoss Shields Level 2 (Chrono Boost)  
  175  14:50  Tempest  
  175  14:51  Tempest x4  
  175  14:52  Tempest  
  195  14:55  Tempest  
  200  15:10  Protoss Air Armor Level 2 (Chrono Boost)  
Show
View Real Time Build Order
Export as new Build Order

BoyBawang Zerg - Winner!

Build Orders: Hatch First, Lurkers 

Get SALT Encoding   

  12  0:02  Drone  
  13  0:08  Drone  
  14  0:20  Extractor  
  13  0:21  Extractor  
  13  0:23  Drone  
  13  0:24  Drone  
  15  0:38  Overlord  
  15  0:58  Drone x3  
  18  1:14  Drone  
  18  1:15  Hatchery  
  18  1:25  Spawning Pool  
  17  1:29  Drone  
  18  1:35  Drone  
  19  1:45  Drone  
  20  1:54  Overlord  
  20  2:03  Drone  
  21  2:14  Metabolic Boost  
  21  2:16  Queen  
  23  2:33  Spine Crawler  
  23  2:36  Zergling x8  
  23  2:37  Queen  
  26  2:41  Zergling x2  
  29  2:51  Overlord  
  29  2:53  Zergling x2  
  30  3:01  Zergling x4  
  31  3:13  Zergling x2  
  31  3:14  Zergling x2  
  33  3:24  Zergling x4  
  35  3:27  Zergling x6  
  35  3:33  Zergling x4  
  40  3:43  Zergling x4  
  42  3:53  Zergling x2  
  43  4:11  Overlord x2  
  43  4:22  Spore Crawler, Lair  
  39  4:38  Drone x4  
  36  4:39  Drone  
  36  4:43  Drone  
  36  4:44  Drone  
  33  4:45  Drone x2  
  33  4:46  Drone  
  33  4:54  Drone  
  33  4:59  Drone x2  
  36  5:05  Extractor  
  35  5:08  Drone  
  35  5:13  Spine Crawler  
  35  5:19  Spore Crawler  
  34  5:24  Hydralisk Den  
  34  5:25  Overseer  
  33  5:53  Hydralisk x7  
  33  5:54  Hydralisk  
  49  5:58  Extractor  
  49  6:00  Drone x4  
  52  6:12  Infestation Pit, Drone  
  52  6:13  Drone x3  
  55  6:18  Extractor  
  54  6:28  Drone x4  
  58  6:43  Hatchery  
  57  6:49  Overlord x3  
  57  6:57  Hive  
  57  7:07  Pneumatized Carapace  
  57  7:23  Drone x6  
  57  7:24  Drone x3  
  66  7:30  Grooved Spines  
  66  7:34  Evolution Chamber  
  65  7:37  Drone x4  
  69  7:53  Drone x2  
  71  8:01  Zerg Missile Weapons Level 1  
  71  8:07  Evolution Chamber, Drone x5  
  71  8:08  Drone x4  
  79  8:36  Lurker Den  
  78  8:41  Spine Crawler  
  78  8:47  Hydralisk x6  
  78  8:48  Hydralisk  
  89  8:55  Muscular Augments  
  89  9:04  Overlord  
  89  9:05  Overlord x2  
  89  9:06  Overlord x2  
  89  9:21  Zerg Ground Armor Level 1  
  89  9:33  Queen  
  89  9:35  Lurker x2  
  89  9:36  Lurker x3  
  96  9:42  Extractor  
  96  9:43  Extractor  
  94  10:13  Lurker x6  
  94  10:14  Hydralisk x3, Lurker  
  101  10:15  Hydralisk x8  
  101  10:16  Hydralisk  
  101  10:19  Zerg Missile Weapons Level 2  
  125  10:47  Hydralisk x2  
  129  10:54  Overlord x7  
  129  10:55  Overlord  
  129  11:04  Hatchery  
  129  11:08  Drone x2  
  130  11:30  Adaptive Talons  
  130  11:32  Zerg Ground Armor Level 2  
  130  11:33  Hydralisk x2  
  130  11:34  Hydralisk x5  
  144  11:42  Spore Crawler  
  144  11:45  Spore Crawler  
  142  11:58  Hydralisk x4  
  142  11:59  Hydralisk x5  
  160  12:19  Hatchery  
  159  12:25  Drone x6  
  159  12:27  Seismic Spines  
  159  12:28  Hydralisk x2, Hatchery  
  168  12:33  Overseer  
  168  12:38  Lurker  
  168  12:39  Lurker x8  
  168  12:40  Lurker x5  
  182  12:48  Zerg Missile Weapons Level 3  
  182  12:52  Drone x5  
  182  12:53  Drone x6  
  193  13:09  Spine Crawler  
  193  13:11  Spine Crawler  
  193  13:12  Spine Crawler  
  190  13:15  Spine Crawler  
  190  13:16  Spine Crawler  
  188  13:20  Spine Crawler  
  155  14:09  Hydralisk x8  
  163  14:10  Hydralisk x9  
  168  14:32  Hydralisk x6  
  168  14:33  Hydralisk x2  
  180  14:50  Hydralisk x2, Drone  
  180  14:51  Hydralisk x2  
  178  15:06  Hydralisk x7  
  184  15:22  Hydralisk x4  
  184  15:23  Hydralisk  
  189  15:50  Extractor  
  189  15:51  Spine Crawler  
  189  15:52  Spine Crawler  
  189  15:54  Extractor  
  146  16:38  Hydralisk x2  
  146  16:39  Hydralisk x9  
  160  16:40  Hydralisk  
  160  16:44  Overseer x3  
Tags
 
Add a new tag
Caveats
  • Supply blocks, unpowered buildings, or Contaminate may cause inaccurate times.
  • Supply counts are checked every 10 seconds.